 Dungeon Crawl Stone Soup version 0.23.2-40-g277498a001 (webtiles) character file.

Game seed: 6487521819973559979

40 MalarOregon the Sneak (level 3, 0/39 HPs)
             Began as a Merfolk Enchanter on Aug 13, 2019.
             Succumbed to an adder's poison
             ... on level 2 of the Dungeon.
             The game lasted 00:01:50 (1462 turns).

MalarOregon the Sneak (Merfolk Enchanter)           Turns: 1462, Time: 00:01:51

Health: 0/39       AC: 21    Str:  8    XL:     3   Next: 50%
Magic:  6/6        EV:  2    Int: 15    God:
Gold:   69         SH:  0    Dex: 14    Spells: 5/6 levels left

rFire    . . .     SeeInvis .   a - +2 dagger
rCold    . . .     Gourm    .   (no shield)
rNeg     + + +     Faith    .   (armour currently unavailable)
rPois    +         Spirit   .   (helmet currently unavailable)
rElec    .         Reflect  .   (cloak currently unavailable)
rCorr    .         Harm     .   (gloves currently unavailable)
MR       .....     NoTele   +   (boots currently unavailable)
Stlth    ++........             (no amulet)
HPRegen  0.13/turn              (no ring)
MPRegen  0.10/turn              (no ring)

@: lethally poisoned (0 -> -2), tree-form (expiring)
A: (change form in water), (swift swim), (stealthy swim)
a: no special abilities


You were on level 2 of the Dungeon.
You were not hungry.
You were a tree.
You visited 1 branch of the dungeon, and saw 2 of its levels.

You collected 69 gold pieces.

Inventory:

Hand Weapons
 a - a +2 dagger (weapon)
Missiles
 f - 4 needles of sleeping
Armour
 b - a +0 robe (melded)
Jewellery
 d - an uncursed ring of flight {unknown}
   (You found it on level 1 of the Dungeon)
Comestibles
 e - 2 rations {!d}
 g - a chunk of flesh


   Skills:
 + Level 1.0 Fighting
 + Level 2.0 Short Blades
 + Level 3.1 Dodging
 + Level 3.6 Stealth
 + Level 2.3 Spellcasting
 + Level 3.2 Hexes


You had 5 spell levels left.
You knew the following spells:

 Your Spells              Type           Power        Failure   Level  Hunger
a - Corona                Hex            ##.....      5%          1    #......

Your spell library contained the following spells:

 Spells                   Type           Power        Failure   Level  Hunger
 Ensorcelled Hibernation  Hex/Ice        #.....       17%         2    ###....
 Confuse                  Hex            ##......     17%         3    ###....
 Tukima's Dance           Hex            ##......     17%         3    ###....
 Dazzling Spray           Conj/Hex       #.....       32%         3    ###....


Dungeon Overview and Level Annotations

Branches:
Dungeon (2/15)

Altars:


Message History

You feel sick.
The hobgoblin hits you but does no damage.
You closely miss the hobgoblin.
The hobgoblin hits you but does no damage.
Unknown command.
You closely miss the hobgoblin.
* * * LOW HITPOINT WARNING * * *
You feel sick.
You closely miss the hobgoblin.
The hobgoblin hits you but does no damage.
Unknown command.
You hit the hobgoblin but do no damage.
* * * LOW HITPOINT WARNING * * *
You feel sick.
The hobgoblin hits you but does no damage.
You hit the hobgoblin but do no damage.
The hobgoblin hits you but does no damage.
You hit the hobgoblin but do no damage. The hobgoblin hits you.
* * * LOW HITPOINT WARNING * * *
Unknown command.
You barely miss the hobgoblin.
* * * LOW HITPOINT WARNING * * *
You feel sick.
The hobgoblin hits you but does no damage.
You hit the hobgoblin but do no damage.
The hobgoblin hits you but does no damage.
Unknown command.
You closely miss the hobgoblin.
The hobgoblin hits you but does no damage.
Unknown command.
You hit the hobgoblin.
You kill the hobgoblin!
Unknown command.
You cannot move.
* * * LOW HITPOINT WARNING * * *
You feel sick. The rat bites you but does no damage.
You hit the rat.
You kill the rat!
Your transformation is almost over.
You cannot move.
There is a lethal amount of poison in your body!
You aren't carrying any potions.
As you read the scroll labeled GUGYUL ACEFOIJU, it crumbles to dust.
It is a scroll of enchant weapon.
Your +1 dagger glows red for a moment.
Unknown command.
There is a lethal amount of poison in your body!
Unknown command.
You swing at nothing.
You die...

.........##..
###.........#
#..†#.# ..#
#..r..## #.#
#####(.###.##
##..##..## ##
#....#..# ...
#†##....### ...#
#♣####....#....#
#.## ##.#.......
#..####.)#..#. ..
##................
#..[....#####.. .
###...###.# .
##.....# #...
##......# ###..#
##.÷.###.#
#...####


There were no monsters in sight!

Vanquished Creatures
  An adder (D:2)
  An ooze (D:1)
  3 dart slugs (D:1)
  4 hobgoblins
  A quokka (D:2)
  4 bats
  3 goblins
  6 rats
23 creatures vanquished.

Notes
Turn   | Place    | Note
-------+----------+-------------------------------------------
     0 | D:1      | MalarOregon the Merfolk Enchanter began the quest for the
                  | Orb.
     0 | D:1      | Reached XP level 1. HP: 13/13 MP: 3/3
   273 | D:1      | Reached XP level 2. HP: 13/20 MP: 5/5
  1127 | D:2      | Reached XP level 3. HP: 23/25 MP: 6/6
  1441 | D:2      | Reached skill level 1 in Fighting
  1454 | D:2      | HP: 1/39 [poisoned by an adder]
  1462 | D:2      | Succumbed to an adder's poison

Skill      XL: |  1  2  3 |
---------------+----------+-----
Dodging        | 3 |  3.1
Fighting       | 1 |  1.0
Short Blades   | 2 |  2.0
Stealth        | |  3.6
Spellcasting   | |  2.3
Hexes          | |  3.2

Action                   || total
-------------------------++-------
Melee: Dagger            ||   115
 Cast: Corona            ||     2
  Use: Potion            ||     2
       Scroll            ||     1
 Stab: Sleeping          ||     5
  Eat: Chunk             ||     2
Armor: Robe              ||    12
       Skin              ||    19
Dodge: Dodged            ||    49
